 Dungeon Crawl Stone Soup version 0.19-a0-1714-gcab94ab (webtiles) character file.

336 Eucla the Insei (level 6, -8/33 HPs)
             Began as a Vine Stalker Monk on Sept 28, 2016.
             Was a Priest of Okawaru.
             Mangled by Crazy Yiuf
             ... wielding a +4 quarterstaff of chaos
              (16 damage)
             ... on level 3 of the Dungeon.
             The game lasted 00:02:38 (1995 turns).

Eucla the Insei (Vine Stalker Monk)                 Turns: 1995, Time: 00:02:38

Health: -8/33      AC:  3    Str: 15    XL:     6   Next: 54%
Magic:  0/7        EV: 14    Int: 10    God:    Okawaru [***...]
Gold:   129        SH:  0    Dex: 17    Spells: 0 memorised, 5 levels left

rFire  . . .     SeeInvis .     d - +0 whip (elec)
rCold  . . .     Gourm    .     a - +0 robe
rNeg   . . .     Faith    .     (no shield)
rPois  .         Spirit   +     (no helmet)
rElec  .         Dismiss  .     (no cloak)
rCorr  .         Reflect  .     (no gloves)
MR     .....     Harm     .     (no boots)
Stlth  ++........               c - amulet of regeneration
                                (no ring)
                                (no ring)

@: no status effects
A: fangs 2, regeneration 1, magic shield, antimagic bite, no device heal 3, rot
immunity
a: Heroism, Renounce Religion


You were on level 3 of the Dungeon.
You worshipped Okawaru.
Okawaru was most pleased with you.
You were hungry.

You visited 1 branch of the dungeon, and saw 3 of its levels.

You collected 129 gold pieces.

Inventory:

Hand Weapons
 d - a +0 whip of electrocution (weapon)
Armour
 a - a +0 robe (worn)
Jewellery
 c - an amulet of regeneration (around neck)
 l - an uncursed ring of ice
Scrolls
 e - a scroll of identify {unknown}
 f - a scroll of recharging {unknown}
 j - 2 scrolls of fog {unknown}
 k - a scroll of teleportation {unknown}
 m - a scroll of fear {unknown}
 n - a scroll of immolation {unknown}
Potions
 g - a potion of heal wounds {unknown}
 p - 2 potions of curing {unknown}
Books
 h - a book of Callings

   Spells                             Type                      Level
   a - Summon Small Mammal            Summoning                    1
   b - Call Imp                       Summoning                    2
   c - Call Canine Familiar           Summoning                    3
   d - Summon Guardian Golem          Hexes/Summoning              3
   e - Summon Lightning Spire         Summoning/Air                4
   f - Summon Ice Beast               Ice/Summoning                4
Comestibles
 b - 2 bread rations
 i - a slice of pizza


   Skills:
 + Level 4.1 Fighting
 - Level 0.1 Maces & Flails
 + Level 3.4 Dodging
 - Level 2.4 Stealth
 * Level 5.3 Unarmed Combat


You had 5 spell levels left.
You didn't know any spells.

Dungeon Overview and Level Annotations

Branches:
Dungeon (3/15)

Altars:
Okawaru

Annotations:
D:3 Crazy Yiuf


Innate Abilities, Weirdness & Mutations

You have extremely sharp teeth.
Your natural rate of healing is unusually fast.
When hurt, damage is shared between your health and your magic reserves.
Your bite disrupts and absorbs the magic of your enemies.
Potions and wands cannot restore your health.
You are immune to rotting.


Message History

You kill the ooze!
Okawaru accepts your kill.
No target in view!
No target in view!
There is a stone staircase leading up here.
You open the door.
Crazy Yiuf the Enlightened comes into view.
He is wielding a quarterstaff of chaos.
Crazy Yiuf shouts!
Found a mace.
Crazy Yiuf grits, "Pitchfork!
Whiteboard Hive leg."
Crazy Yiuf drinks a potion.
Crazy Yiuf goes berserk!
There is an open door here.
Crazy Yiuf hits you with a quarterstaff of chaos!!
Crazy Yiuf hits you with a quarterstaff of chaos!
* * * LOW HITPOINT WARNING * * *
You hit Crazy Yiuf but do no damage.
There is a sudden explosion of sparks!
Your bite misses Crazy Yiuf.
Crazy Yiuf is heavily wounded.
Crazy Yiuf hits you with a quarterstaff of chaos!
You die...

#.# ####..........#
###.#
#######..........###
....#
#...................
....##
##############......
.....## #......
......## #......
[......##### #####
♣##......
.....>.....# #)..#♣♣
♣♣♣...##..#
.....#...###
#.g@'.♣♣♣♣..........
....####.#
#...#♣..♣.PP...#...#
...## #.##
#####♣♣♣.♣.P..##.#.#
.### #..#
♣♣♣♣♣###....# ..####
##.## #..#.##
.....####..###
###....##
.###....###..###
###...###.. .#
####........###
##...#.##.<# .##
#......##...#
##..###.##.##


You could see Crazy Yiuf (berserk).

Vanquished Creatures
  Sigmund (D:2)
  Jessica (D:3)
  Ijyb (D:3)
  5 adders
  An ooze (D:3)
  A dart slug (D:3)
  2 leopard geckos
  2 ball pythons
  2 bats
  4 giant cockroaches
  12 goblins
  11 hobgoblins
  9 jackals
  6 kobolds
  2 quokkas (D:2)
  5 frilled lizards
  5 rats
  2 fungi (D:3)
72 creatures vanquished.

Notes
Turn   | Place    | Note
-------+----------+-------------------------------------------
     0 | D:1      | Eucla the Vine Stalker Monk began the quest for the Orb.
     0 | D:1      | Reached XP level 1. HP: 11/11 MP: 2/2
   219 | D:1      | Reached XP level 2. HP: 15/16 MP: 3/3
   937 | D:2      | Reached XP level 3. HP: 20/20 MP: 4/4
   991 | D:2      | Noticed Sigmund
  1000 | D:2      | HP: 1/20 [Sigmund/scythe (7)]
  1002 | D:2      | Killed Sigmund
  1002 | D:2      | Reached skill level 4 in Unarmed Combat
  1002 | D:2      | Gained mutation: Your natural rate of healing is unusually fast. [Vine Stalker growth]
  1002 | D:2      | Reached XP level 4. HP: 2/25 MP: 0/5
  1002 | D:2      | Reached XP level 5. HP: 2/29 MP: 0/6
  1093 | D:2      | Found a faded altar of an unknown god.
  1108 | D:2      | Became a worshipper of Warmaster Okawaru
  1108 | D:2      | Reached * piety under Okawaru
  1108 | D:2      | Reached ** piety under Okawaru
  1244 | D:2      | Reached skill level 5 in Unarmed Combat
  1351 | D:2      | Reached XP level 6. HP: 29/33 MP: 5/7
  1376 | D:2      | Reached *** piety under Okawaru
  1457 | D:3      | Noticed Ijyb
  1469 | D:3      | Killed Ijyb
  1660 | D:3      | Noticed Jessica
  1665 | D:3      | Killed Jessica
  1915 | D:3      | Found a runed door.
  1992 | D:3      | Noticed Crazy Yiuf
  1995 | D:3      | Mangled by Crazy Yiuf

Vault maps used:
D:1:      minmay_arrival_solitary_statue, fountainhead, minmay_domino_2
D:2:      ecumenical_altar_1, uniq_sigmund
D:3:      uniq_iyjb, uniq_jessica, uniq_crazy_yiuf_cottage

Skill      XL: |  1  2  3  4  5  6 |
---------------+-------------------+-----
Fighting       | 3 4 |  4.1
Dodging        | 3 |  3.4
Unarmed Combat | 4 5 |  5.3
Maces & Flails | |  0.1
Stealth        | |  2.4

Action                   |  1- 3 |  4- 6 || total
-------------------------+-------+-------++-------
Melee: Unarmed           |    15 |       ||    15
       Whip              |    64 |   130 ||   194
       Bite              |    18 |    37 ||    55
       Punch             |     1 |     4 ||     5
 Stab: Sleeping          |     2 |     6 ||     8
  Eat: Chunk             |       |     3 ||     3
Armor: Robe              |    10 |    13 ||    23
Dodge: Dodged            |    48 |    81 ||   129
